 Dungeon Crawl Stone Soup version 0.30-a0-304-gdc4b735fe1 (webtiles) character file.

Game seed: 346647826290301772

32487 Morbidden the Destroyer (level 13, -4/150 HPs)
             Began as a Gnoll Conjurer on Oct 20, 2022.
             Was the Champion of Cheibriados.
             Slain by a death yak (15 damage)
             ... on level 2 of the Lair of Beasts.
             The game lasted 00:30:16 (19307 turns).

Morbidden the Destroyer (Gnoll Conjurer)           Turns: 19307, Time: 00:30:17

Health: -4/150     AC: 26    Str: 28    XL:     13   Next: 64%
Magic:  7/27       EV:  2    Int: 36    God:    Cheibriados [******]
Gold:   2190       SH:  0    Dex: 27    Spells: 19/32 levels left

rFire   . . .      SeeInvis .    Z - +0 battleaxe of Ucsiopta {flame, rElec Will+}
rCold   . . .      Faith    .    (shield currently unavailable)
rNeg    . . .      Spirit   .    (body armour currently unavailable)
rPois   +          Reflect  .    (helmet currently unavailable)
rElec   +          Harm     .    (cloak currently unavailable)
rCorr   .          Rampage  .    (gloves currently unavailable)
Will    +....      NoTele   +    (boots currently unavailable)
Stlth   +++++.....               (no amulet)
HPRegen 0.45/turn                o - +6 ring of strength
MPRegen 0.20/turn                C - +4 ring of evasion

@: tree-form, very slow
A: stationary, stasis, torment immunity, boosted hp, (fangs 1), strong nose,
distributed training
a: Renounce Religion, Bend Time, Temporal Distortion, Slouch, Step From Time


You were on level 2 of the Lair of Beasts.
You worshipped Cheibriados.
Cheibriados was exalted by your worship.
You were a tree.
You visited 3 branches of the dungeon, and saw 15 of its levels.
You also visited: Sewer, Ossuary and Ice Cave.

You collected 2190 gold pieces.

Inventory:

Hand Weapons
 a - a +4 scimitar of flaming
 b - a +2 quarterstaff of draining
 m - a +2 morningstar of freezing
 Z - the +0 battleaxe of Ucsiopta (weapon) {flame, rElec Will+}
   (You found it on level 2 of the Lair of Beasts)

   It burns those it strikes, dealing additional fire damage.
   Big, fiery blades are also staple armaments of hydra-hunters.
   rElec:     It insulates you from electricity.
   Will:      It increases your willpower.
Missiles
 J - 9 curare-tipped darts
 V - 6 boomerangs
 X - 4 poisoned darts (quivered)
Armour
 e - a +0 pair of gloves (melded)
 f - a +1 helmet (melded)
 j - a +2 crystal plate armour of cold resistance (melded)
 x - a +0 pair of boots (melded)
 N - the +2 chain mail of Yhusis {Str+3}
   (You found it on level 9 of the Dungeon)

   Str:       It affects your strength (+3).
 S - a +1 chain mail of cold resistance
Jewellery
 g - a ring of protection from fire
 o - a +6 ring of strength (left branch)
 A - a ring of see invisible
 C - a +4 ring of evasion (right branch)
 T - a ring of ice
 W - a ring of protection from cold
 Y - a ring of flight
Wands
 d - a wand of digging (1)
 r - a wand of roots (21)
 H - a wand of flame (26)
 Q - a wand of charming (6)
Scrolls
 p - 4 scrolls of fear
 t - 5 scrolls of enchant armour
 u - 6 scrolls of identify
 v - 2 scrolls of poison
 y - a scroll of vulnerability
 z - 5 scrolls of blinking
 D - a scroll of teleportation
 K - 2 scrolls of amnesia
 M - a scroll of silence
 O - 2 scrolls of magic mapping
 P - 2 scrolls of immolation
 R - 2 scrolls of summoning
 U - 2 scrolls of enchant weapon
Potions
 c - 4 potions of curing
 h - a potion of flight {unknown}
 i - 7 potions of brilliance
 k - a potion of attraction {unknown}
 l - 5 potions of haste {unknown}
 n - 4 potions of invisibility {unknown}
 q - 5 potions of ambrosia {unknown}
 s - a potion of magic
 w - 3 potions of cancellation {unknown}
 B - a potion of resistance {unknown}
 E - 4 potions of degeneration {unknown}
 F - 4 potions of mutation {unknown}
 G - 2 potions of lignification
 I - 2 potions of berserk rage {unknown}
 L - 5 potions of might {unknown}


   Skills:
 + Level 8.8 Fighting
 + Level 8.8 Short Blades
 + Level 8.8 Long Blades
 + Level 8.8 Axes
 + Level 8.8 Maces & Flails
 + Level 8.8 Polearms
 + Level 8.8 Staves
 + Level 8.8 Ranged Weapons
 + Level 8.8 Throwing
 + Level 8.8 Armour
 + Level 10.0 Dodging
 + Level 9.8 Stealth
 + Level 8.8 Shields
 + Level 8.8 Unarmed Combat
 + Level 10.1 Spellcasting
 + Level 10.2 Conjurations
 + Level 7.3 Hexes
 + Level 7.3 Summonings
 + Level 7.3 Necromancy
 + Level 7.3 Translocations
 + Level 7.3 Transmutations
 + Level 7.3 Fire Magic
 + Level 7.3 Ice Magic
 + Level 7.3 Air Magic
 + Level 7.3 Earth Magic
 + Level 7.3 Poison Magic
 + Level 9.6 Invocations
 + Level 8.8 Evocations


You had 19 spell levels left.
You knew the following spells:

 Your Spells              Type           Power      Damage    Failure   Level
a - Magic Dart            Conj           100%       1d8       1%          1
b - Searing Ray           Conj           100%       2d8       1%          2
c - Summon Guardian Gole  Hex/Summ       63%        N/A       1%          3
x - Call Canine Familiar  Summ           63%        N/A       1%          3
z - Iskenderun's Mystic   Conj/Tloc      69%        2d14      1%          4

Your spell library contained the following spells:

 Spells                   Type           Power      Damage    Failure   Level
 Beastly Appendage        Tmut           100%       N/A       1%          1
 Summon Small Mammal      Summ           100%       N/A       1%          1
 Wereblood                Tmut           63%        N/A       1%          2
 Dazzling Flash           Conj/Hex       100%       N/A       1%          3
 Kindle Blastsparks       Fire/Tloc/Air  100%       2d18      1%          3
 Spider Form              Tmut/Pois      63%        N/A       1%          3
 Fulminant Prism          Conj/Hex       34%        3d16      1%          4
 Olgreb's Toxic Radiance  Pois           63%        N/A       1%          4
 Summon Ice Beast         Ice/Summ       63%        N/A       1%          4
 Freezing Cloud           Conj/Ice/Air   33%        6-21      1%          5
 Alistair's Intoxication  Tmut/Pois      42%        N/A       3%          5
 Borgnjor's Vile Clutch   Necr/Erth      31%        N/A       3%          5
 Lee's Rapid Deconstruct  Erth           31%        3d16*     3%          5
 Summon Mana Viper        Hex/Summ       63%        N/A       3%          5
 Eringya's Noxious Bog    Tmut/Pois      31%        N/A       17%         6
 Simulacrum               Ice/Necr       31%        N/A       17%         6
 Monstrous Menagerie      Summ           31%        N/A       67%         7
 Ozocubu's Refrigeration  Ice            31%        4d14      67%         7
 Ignition                 Fire           31%        3d10      100%        8
 Polar Vortex             Ice            31%        N/A       100%        9


Dungeon Overview and Level Annotations

Branches:
Dungeon (12/15)            Temple (1/1) D:4            Lair (2/5) D:9
    Orc (0/2) D:11          Sewer (visited)         Ossuary (visited)
  IceCv (visited)
  Swamp: Lair:2-3    Shoals: Lair:2-3     Snake: Lair:2-3    Spider: Lair:2-3

Altars:
Ashenzari
Cheibriados
Dithmenos
Elyvilon
Fedhas
Hepliaklqana
Kikubaaqudgha
Makhleb
Nemelex Xobeh
Okawaru
Sif Muna
Uskayaw
Vehumet


Innate Abilities, Weirdness & Mutations

You are a tree.
Your roots penetrate the ground, keeping you stationary.
You cannot be teleported.
You are immune to unholy pain and torment.
Your maximum health is greatly increased.
Your equipment is partially melded.
((You have very sharp teeth.))
Your uncanny sense of smell can sniff out nearby items.
Your experience applies equally to all skills.


Message History

Unknown command.
Aiming: Fastroot
Press: ? - help, Shift-Dir - straight line, f/p - death yak
Aim: a death yak (almost dead)
The roots erupt in riotous growth!
Roots grab the death yak.
The grasping roots constrict the death yak.
You hear a bellow! x5
The death yak gores you but does no damage.
Unknown command.
Unknown command.
The grasping roots constrict the death yak!!
You kill the death yak!
Cheibriados appreciates the change of pace.
Your magical contamination has completely faded away.
Your Dodging skill increases to level 10!
You start resting.
A death yak is nearby!
A death yak is nearby!
A death yak is nearby!
A death yak is nearby!
You slash the death yak! You burn the death yak.
You bite the death yak, but do no damage.
The death yak is lightly wounded.
The death yak gores you!
* * * LOW HITPOINT WARNING * * *
Unknown command.
Unknown command.
Okay, then.
Really quaff the potion of lignification?
You turn into a tree.
Your +1 helmet melds into your body.
Your +0 pair of gloves melds into your body.
Your +0 pair of boots melds into your body.
Your +2 crystal plate armour of cold resistance melds into your body.
You feel less resistant to cold.
Your roots penetrate the ground.
The death yak gores you!!
* * * LOW HITPOINT WARNING * * *
Unknown command.
You feel better. The death yak gores you!
You die...

#........# ####........##....#.
#.......#....##.....
##.....##....##...#.
##............##...P.
##.........#...#....P.
##..........##..†......
###.....#Y##..÷#.........
##.......♣.##......<†.....
#..........[#.#.÷......... ###
###.............P...÷....... #.#
#P....######...............)
##.###..†...##.#.##.#.....†......
.......)†..............b.........
...........................b.....
.................................
#.#........#.....####............


You could see a death yak.

Vanquished Creatures
  2 ironbound frosthearts (IceCv)
  Erica (D:11)
  5 two-headed ogres
  6 death yaks
  2 cyclopes (D:11)
  An ugly thing (D:11)
  A manticore (D:11)
  An ice statue (IceCv)
  A cane toad (Lair:2)
  Maggie (D:10)
  An unseen horror (D:12)
  2 rime drakes
  2 ice devils (D:12)
  4 komodo dragons
  A troll (D:9)
  9 polar bears (IceCv)
  3 slime creatures (D:12)
  9 blink frogs (Lair:2)
  Grinder (D:6)
  A hornet (D:8)
  A vampire (D:12)
  2 shadows
  20 yaks
  A wraith (D:12)
  4 steam dragons
  A basilisk (Lair:1)
  A vampire mosquito (D:8)
  Menkaure (D:5)
  Edmund (D:4)
  2 acid dragons
  4 water moccasins
  2 ice beasts (D:7)
  5 orc warriors
  A black bear (D:7)
  2 sky beasts
  4 ogres
  23 wolves
  8 kobold brigands
  3 centaurs
  9 bullfrogs
  A gnoll sergeant (D:9)
  2 necrophages
  4 scorpions
  3 wights (D:9)
  6 killer bees (D:9)
  A vampire bat (D:5)
  5 howler monkeys
  2 hounds
  7 orc priests
  A jelly (D:6)
  9 iguanas
  17 orc wizards
  13 adders
  6 gnolls
  3 river rats (Sewer)
  A worm (D:2)
  2 dart slugs
  3 fire bats (D:5)
  23 orcs
  2 spectral bats (D:5)
  15 ball pythons
  14 bats
  3 bat skeletons (D:5)
  A bat zombie (D:5)
  9 endoplasms
  7 giant cockroaches
  10 goblins
  5 hobgoblins
  2 jackals (D:5)
  3 quokkas (D:3)
  A bat simulacrum (D:5)
  6 frilled lizards
  4 gnoll skeletons (Ossuary)
  25 kobolds
  A kobold skeleton (Ossuary)
  5 orc skeletons (Ossuary)
  37 rats
408 creatures vanquished.

Vanquished Creatures (collateral kills)
  Fannar (D:10)
  A two-headed ogre (D:8)
  A polar bear (IceCv)
  A wraith (Ossuary)
  3 yaks
  A wyvern (D:8)
  2 vampire mosquitoes (D:8)
  An ice beast (D:8)
  5 howler monkeys
  A gnoll bouda (D:8)
  2 orc priests
  An orc wizard (D:8)
  A mummy (Ossuary)
  4 gnolls (D:8)
  A shadow imp (D:8)
  4 orcs
  2 kobolds (D:8)
  3 gnoll skeletons (Ossuary)
  6 kobold skeletons (Ossuary)
  6 orc skeletons (Ossuary)
47 creatures vanquished.

Vanquished Creatures (others)
  2 yaks (IceCv)
  2 wolves (IceCv)
  A centaur (D:8)
  A bullfrog (D:8)
  An orc wizard (D:5)
  13 fungi
  33 plants
53 creatures vanquished.

Grand Total: 508 creatures vanquished

Notes
Turn   | Place    | Note
-------+----------+-------------------------------------------
     0 | D:1      | Morbidden the Gnoll Conjurer began the quest for the Orb.
     0 | D:1      | Reached XP level 1. HP: 13/13 MP: 6/6
   186 | D:1      | Reached XP level 2. HP: 20/20 MP: 4/7
   425 | D:1      | You fall into a shaft and drop 1 floor!
   763 | D:1      | Reached skill level 5 in Spellcasting
   763 | D:1      | Reached XP level 3. HP: 25/25 MP: 5/9
  1092 | D:1      | Found a faded altar of an unknown god.
  1323 | D:2      | Reached skill level 1 in Invocations
  1378 | D:2      | Reached skill level 1 in Fighting
  1378 | D:2      | Reached skill level 1 in Short Blades
  1378 | D:2      | Reached skill level 1 in Long Blades
  1378 | D:2      | Reached skill level 1 in Axes
  1378 | D:2      | Reached skill level 1 in Maces & Flails
  1378 | D:2      | Reached skill level 1 in Polearms
  1378 | D:2      | Reached skill level 1 in Staves
  1378 | D:2      | Reached skill level 1 in Ranged Weapons
  1378 | D:2      | Reached skill level 1 in Throwing
  1378 | D:2      | Reached skill level 1 in Armour
  1378 | D:2      | Reached skill level 1 in Shields
  1378 | D:2      | Reached skill level 1 in Unarmed Combat
  1378 | D:2      | Reached skill level 1 in Evocations
  1498 | D:2      | Found a radiant altar of Vehumet.
  1504 | D:2      | Reached XP level 4. HP: 32/32 MP: 8/11
  1954 | D:3      | Reached skill level 1 in Hexes
  1954 | D:3      | Reached skill level 1 in Summonings
  1954 | D:3      | Reached skill level 1 in Necromancy
  1954 | D:3      | Reached skill level 1 in Translocations
  1954 | D:3      | Reached skill level 1 in Transmutations
  1954 | D:3      | Reached skill level 1 in Fire Magic
  1954 | D:3      | Reached skill level 1 in Ice Magic
  1954 | D:3      | Reached skill level 1 in Air Magic
  1954 | D:3      | Reached skill level 1 in Earth Magic
  1954 | D:3      | Reached skill level 1 in Poison Magic
  2183 | D:3      | Found a burning altar of Makhleb.
  2197 | D:3      | Found a blossoming altar of Fedhas.
  2359 | D:3      | Identified the +0 robe "Xeosmi" {rElec rF- Stlth+}
  2467 | D:3      | Reached XP level 5. HP: 37/37 MP: 8/12
  3159 | D:4      | Learned a level 2 spell: Searing Ray
  3326 | D:4      | Noticed an ogre
  3332 | D:4      | Killed an ogre
  3333 | D:4      | Reached skill level 5 in Dodging
  3333 | D:4      | Reached XP level 6. HP: 44/44 MP: 5/14
  3860 | D:4      | Found a staircase to the Ecumenical Temple.
  3911 | D:4      | Noticed Edmund
  3934 | D:4      | Killed Edmund
  3935 | D:4      | Reached XP level 7. HP: 27/51 MP: 10/15
  3979 | Temple   | Entered the Ecumenical Temple
  4051 | Temple   | Became a worshipper of Cheibriados the Contemplative
  4422 | D:5      | Entered Level 5 of the Dungeon
  4621 | D:5      | Reached skill level 5 in Stealth
  4758 | D:5      | Reached * piety under Cheibriados
  4969 | D:5      | Reached ** piety under Cheibriados
  5092 | D:5      | Reached XP level 8. HP: 35/58 MP: 7/16
  5748 | D:5      | Noticed Menkaure
  5752 | D:5      | Killed Menkaure
  5758 | D:5      | Learned a level 4 spell: Iskenderun's Mystic Blast
  5851 | D:5      | Found a hazy altar of Hepliaklqana.
  5894 | D:5      | Learned a level 3 spell: Call Canine Familiar
  5952 | D:6      | Noticed Grinder
  5962 | D:6      | Identified a scroll of acquirement
  5962 | D:6      | Acquired 851 gold pieces
  5974 | D:6      | Killed Grinder
  6067 | D:6      | Found a glowing drain.
  6072 | D:6      | Reached XP level 9. HP: 60/65 MP: 9/18
  6078 | Sewer    | Entered a sewer
  6174 | Sewer    | Reached *** piety under Cheibriados
  6535 | Sewer    | Reached **** piety under Cheibriados
  7187 | D:6      | Noticed a +0 dagger
  7190 | D:6      | Noticed a +0 hand axe
  7191 | D:6      | Found a hide-covered altar of Uskayaw.
  7298 | D:6      | Found a sparkling altar of Nemelex Xobeh.
  7389 | D:6      | Reached ***** piety under Cheibriados
  7494 | D:6      | Found an iron altar of Okawaru.
  7553 | D:6      | Found an ancient bone altar of Kikubaaqudgha.
  7928 | D:7      | Reached skill level 5 in Invocations
  8556 | D:8      | Noticed a hornet
  8689 | D:8      | Killed a hornet
  8720 | D:8      | Reached skill level 5 in Fighting
  8720 | D:8      | Reached skill level 5 in Short Blades
  8720 | D:8      | Reached skill level 5 in Long Blades
  8720 | D:8      | Reached skill level 5 in Axes
  8720 | D:8      | Reached skill level 5 in Maces & Flails
  8720 | D:8      | Reached skill level 5 in Polearms
  8720 | D:8      | Reached skill level 5 in Staves
  8720 | D:8      | Reached skill level 5 in Ranged Weapons
  8720 | D:8      | Reached skill level 5 in Throwing
  8720 | D:8      | Reached skill level 5 in Armour
  8720 | D:8      | Reached skill level 5 in Shields
  8720 | D:8      | Reached skill level 5 in Unarmed Combat
  8720 | D:8      | Reached skill level 5 in Evocations
  8720 | D:8      | Reached XP level 10. HP: 71/74 MP: 14/20
  8781 | D:8      | Noticed a two-headed ogre
  8788 | D:8      | HP: 2/74 [orc priest/divine providence (9)]
  8789 | D:8      | Killed a two-headed ogre
  8913 | D:8      | Found a sand-covered staircase.
  8921 | Ossuary  | Entered an ossuary
  9272 | Ossuary  | Learned a level 3 spell: Summon Guardian Golem
  9383 | D:8      | Reached ****** piety under Cheibriados
  9821 | D:8      | Noticed a two-headed ogre
  9836 | D:8      | Killed a two-headed ogre
 10119 | D:8      | Reached skill level 5 in Hexes
 10119 | D:8      | Reached skill level 5 in Summonings
 10119 | D:8      | Reached skill level 5 in Necromancy
 10119 | D:8      | Reached skill level 5 in Translocations
 10119 | D:8      | Reached skill level 5 in Transmutations
 10119 | D:8      | Reached skill level 5 in Fire Magic
 10119 | D:8      | Reached skill level 5 in Ice Magic
 10119 | D:8      | Reached skill level 5 in Air Magic
 10119 | D:8      | Reached skill level 5 in Earth Magic
 10119 | D:8      | Reached skill level 5 in Poison Magic
 10119 | D:8      | Reached XP level 11. HP: 77/81 MP: 5/22
 10681 | D:9      | Identified the +2 chain mail of Yhusis {Str+3}
 11541 | D:9      | Found a staircase to the Lair.
 11711 | D:10     | Entered Level 10 of the Dungeon
 12028 | D:10     | Noticed a two-headed ogre
 12035 | D:10     | Killed a two-headed ogre
 12035 | D:10     | Noticed Maggie
 12042 | D:10     | Noticed Fannar
 12048 | D:10     | Killed Maggie
 12069 | D:10     | Killed Fannar
 12802 | D:11     | Noticed a white ugly thing
 12816 | D:11     | Killed a white ugly thing
 12981 | D:11     | Noticed a cyclops
 12982 | D:11     | Noticed a two-headed ogre
 12989 | D:11     | Killed a cyclops
 12989 | D:11     | Killed a two-headed ogre
 13161 | D:11     | Found a staircase to the Orcish Mines.
 13194 | D:11     | Noticed a cyclops
 13201 | D:11     | Killed a cyclops
 13251 | D:11     | Noticed a two-headed ogre
 13257 | D:11     | Killed a two-headed ogre
 13265 | D:11     | Reached XP level 12. HP: 90/91 MP: 6/24
 13397 | D:11     | Noticed Erica
 13419 | D:11     | Killed Erica
 14017 | D:12     | Found a frozen archway.
 14042 | IceCv    | Entered an ice cave
 14466 | IceCv    | Identified the amulet of Piethrimm {Faith Harm rElec MP-9
                  | Dex+6}
 14750 | IceCv    | Noticed an ironbound frostheart
 14750 | IceCv    | Noticed a death yak
 14751 | IceCv    | Noticed a death yak
 14761 | IceCv    | Killed a death yak
 14765 | IceCv    | Killed a death yak
 14812 | IceCv    | Noticed an ironbound frostheart
 14821 | IceCv    | Killed an ironbound frostheart
 14849 | IceCv    | Found the +7 mace of Variability {chain chaos}
 15741 | IceCv    | Reached XP level 13. HP: 42/98 MP: 26/26
 16209 | IceCv    | Reached skill level 10 in Conjurations
 17762 | Lair:1   | Entered Level 1 of the Lair of Beasts
 18285 | Lair:1   | Reached skill level 10 in Spellcasting
 19184 | Lair:2   | Identified the +0 battleaxe of Ucsiopta {flame, rElec
                  | Will+}
 19295 | Lair:2   | Reached skill level 10 in Dodging
 19306 | Lair:2   | HP: 3/150 [death yak (18)]
 19307 | Lair:2   | Slain by a death yak

Illustrated notes

Levels and vault maps discovered:
D:1:      lightli_arrival_windingriver, layout_basic,
          shapermc_ecumenical_altar_petra
D:2:      layout_loops_cross, basic_altar
D:3:      layout_basic, grunt_temple_overflow_open, minivault_24
D:4:      layout_basic, lemuel_temple_firewalk_a, hex_large, minmay_circle_x,
          uniq_edmund
D:5:      layout_basic, worldfamousw_hep_ancestral_shrine, corner_web_ring,
          goddamned_bats, uniq_menkaure
D:6:      layout_loops_ring, kennysheep_mini, dancing_weapons_uskayaw,
          okawaru_altar_gauntlet_db, old_standard_altar, gup_sewer_entry_bowl,
          uniq_grinder
D:7:      layout_basic
D:8:      minmay_razor_zed, layout_basic, lightli_ossuary_entry_decrepit_ruins,
          interstate_on_off, kennysheep_generic_room_16
D:9:      layout_basic, david_lair_shrubbed, grunt_decor_one_mirror
D:10:     layout_roguey, uniq_fannar, uniq_maggie
D:11:     cheibrodos_steamvent, layout_irregular_city, orc_0_dummy, uniq_erica
D:12:     layout_irregular_city, portal_ice_cave_demonic_guard,
          minmay_misc_feat_room
Temple:   bh_familiar_temple
Lair:1:   layout_roguey
Lair:2:   layout_hall_layers, lemuel_fruit_fields, infiniplex_staircase_pool_2,
          serial_bayou_shore_b, uniq_amaemon

Skill      XL: |  1  2  3  4  5  6  7  8  9 10 11 12 13 |
---------------+----------------------------------------+-----
Spellcasting   | 5 6 7 8 9 10 | 10.1
Invocations    | 1 2 3 4 5 6 7 8 9 |  9.6
Fighting       | 1 2 3 5 6 7 8 |  8.8
Short Blades   | 1 2 3 5 6 7 8 |  8.8
Long Blades    | 1 2 3 5 6 7 8 |  8.8
Axes           | 1 2 3 5 6 7 8 |  8.8
Maces & Flails | 1 2 3 5 6 7 8 |  8.8
Polearms       | 1 2 3 5 6 7 8 |  8.8
Staves         | 1 2 3 5 6 7 8 |  8.8
Ranged Weapons | 1 2 3 5 6 7 8 |  8.8
Throwing       | 1 2 3 5 6 7 8 |  8.8
Armour         | 1 2 3 5 6 7 8 |  8.8
Shields        | 1 2 3 5 6 7 8 |  8.8
Unarmed Combat | 1 2 3 5 6 7 8 |  8.8
Evocations     | 1 2 3 5 6 7 8 |  8.8
Hexes          | 1 2 3 4 5 6 7 |  7.3
Summonings     | 1 2 3 4 5 6 7 |  7.3
Necromancy     | 1 2 3 4 5 6 7 |  7.3
Translocations | 1 2 3 4 5 6 7 |  7.3
Transmutations | 1 2 3 4 5 6 7 |  7.3
Fire Magic     | 1 2 3 4 5 6 7 |  7.3
Ice Magic      | 1 2 3 4 5 6 7 |  7.3
Air Magic      | 1 2 3 4 5 6 7 |  7.3
Earth Magic    | 1 2 3 4 5 6 7 |  7.3
Poison Magic   | 1 2 3 4 5 6 7 |  7.3
Dodging        | 5 6 7 8 9 10 | 10.0
Stealth        | 5 6 7 8 9 |  9.8
Conjurations   | 8 9 10 | 10.2

Action                   |  1- 3 |  4- 6 |  7- 9 | 10-12 | 13-15 || total
-------------------------+-------+-------+-------+-------+-------++-------
Melee: Unarmed           |     4 |       |       |       |       ||     4
       Bite              |     5 |     1 |     4 |    40 |    42 ||    92
       Punch             |     2 |       |       |    17 |    13 ||    32
       Whip              |     9 |       |       |       |       ||     9
       Quarterstaff      |       |     2 |    39 |    56 |       ||    97
       War axe           |       |       |       |    72 |       ||    72
       Scimitar          |       |       |       |   161 |   179 ||   340
       Battleaxe         |       |       |       |       |    30 ||    30
       Morningstar       |       |       |       |       |    10 ||    10
Throw: Dart              |       |       |       |     8 |     5 ||    13
       Boomerang         |       |       |       |     2 |       ||     2
 Cast: Magic Dart        |    54 |    93 |   225 |    96 |       ||   468
       Searing Ray       |       |     6 |    32 |    37 |     1 ||    76
       Call Canine Famil |       |       |     4 |    20 |     1 ||    25
       Iskenderun's Myst |       |       |     8 |    26 |     5 ||    39
       Summon Guardian G |       |       |       |     7 |       ||     7
Invok: Slouch            |       |       |       |       |     1 ||     1
Evoke: Wand              |       |       |       |     4 |     1 ||     5
  Use: Potion            |       |     3 |       |    13 |     2 ||    18
       Scroll            |       |       |     7 |    14 |     2 ||    23
 Stab: Sleeping          |       |       |     1 |       |       ||     1
Armor: Leather armour    |     1 |     1 |    47 |       |       ||    49
       Chain mail        |       |       |    12 |   121 |       ||   133
       Crystal plate arm |       |       |       |    30 |   137 ||   167
Dodge: Dodged            |     3 |    16 |   147 |   480 |   212 ||   858

Table legend: (Time is in decaauts)
 A = Elapsed time spent in this place.
 B = Non-inter-level travel time spent in this place.
 C = Inter-level travel time spent in this place.
 D = Time resting spent in this place.
 E = Time spent auto-exploring this place.
 F = Levels seen in this place.
 G = Mean time per level.
                   A        B        C        D        E       F      G
               +--------+--------+--------+--------+--------+-----+--------+
         Total |  25375 |  24297 |   1078 |   1796 |  18503 |  18 | 1409.7 |
       Dungeon |  18622 |  17632 |    990 |    159 |  14814 |  12 | 1551.8 |
        Temple |     91 |     76 |     15 |      0 |     65 |   1 |   91.0 |
          Lair |   2329 |   2257 |     72 |    432 |   1530 |   2 | 1164.5 |
         Sewer |    876 |    876 |      0 |      0 |    744 |   1 |  876.0 |
       Ossuary |    484 |    484 |      0 |      0 |    348 |   1 |  484.0 |
      Ice Cave |   2971 |   2971 |      0 |   1205 |   1000 |   1 | 2971.0 |
               +--------+--------+--------+--------+--------+-----+--------+

Top non-repeatable levels by time:
   IceCv: 2971 daAuts
     D:8: 2546 daAuts
  Lair:1: 2038 daAuts
    D:12: 1913 daAuts
    D:11: 1909 daAuts
     D:5: 1750 daAuts
     D:6: 1621 daAuts
    D:10: 1619 daAuts
     D:9: 1602 daAuts
     D:4: 1472 daAuts
     D:7: 1228 daAuts
     D:1: 1092 daAuts
     D:3: 1015 daAuts
   Sewer: 876 daAuts
     D:2: 852 daAuts
